 Dungeon Crawl Stone Soup version 0.32-a0-705-g60f233581c (webtiles) character file.

Game seed: 9221925828496053272

29 Vipelierre100 the Chopper (level 3, 0/30 HPs)
             Began as a Mountain Dwarf Reaver on Mar 14, 2024.
             Slain by a gnoll
             ... wielding a +0 club
              (2 damage)
             ... on level 2 of the Dungeon.
             The game lasted 00:13:29 (1293 turns).

Vipelierre100 the Chopper (Mountain Dwarf Reaver)   Turns: 1293, Time: 00:13:30

Health: 0/30       AC:  9    Str: 14    XL:     3   Next: 1%
Magic:  5/5        EV:  6    Int: 15    God:
Gold:   2          SH:  0    Dex:  8    Spells: 4/5 levels left

rFire   . . .        k - +0 whip (holy)
rCold   . . .        (no shield)
rNeg    . . .        h - +0 chain mail
rPois   .            (no helmet)
rElec   .            (no cloak)
rCorr   .            (no gloves)
SInv    .            e - +0 pair of boots
Will    .....        (no amulet) Stlth
                     (no ring)
HPRegen 0.25/turn    (no ring)
MPRegen 0.09/turn

%: no passive effects
@: no status effects
A: runic magic, artefact enchanting
a: no special abilities


You were on level 2 of the Dungeon.
You visited 1 branch of the dungeon, and saw 2 of its levels.

You collected 44 gold pieces.
You spent 42 gold pieces at shops.

Inventory:

Hand Weapons
 a - a +0 hand axe
 k - a +0 whip of holy wrath (weapon)
Missiles
 c - 5 stones
Armour
 b - a +0 leather armour
 d - a +0 leather armour
 e - a +0 pair of boots (worn)
 h - a +0 chain mail (worn)
 j - a +0 ring mail
Magical Staves
 f - a staff of earth
Scrolls
 g - a scroll of identify {unknown}
 i - a scroll of enchant weapon {unknown}


   Skills:
 + Level 2.6 Fighting
 + Level 4.1 Axes
 + Level 1.1 Armour
 + Level 1.4 Dodging
 + Level 1.9 Spellcasting
 + Level 2.8 Conjurations


You had 4 spell levels left.
You knew the following spells:

 Your Spells              Type           Power      Damage    Failure   Level
a - Kiss of Death         Conj/Necr      20%        2d7       26%         1

Your spell library contained the following spells:

 Spells                   Type           Power      Damage    Failure   Level
 Momentum Strike          Conj/Tloc      10%        3d8       36%         2
 Freeze                   Ice            4%         1d3       43%         1
 Hailstorm                Conj/Ice       5%         3d5       58%         3
 Frozen Ramparts          Ice            2%         1d1       80%         3
 Passage of Golubria      Tloc           1%         N/A       99%         4
 Silence                  Hex/Air        0%         N/A       100%        5
 Lehudib's Crystal Spear  Conj/Erth      2%         10d2      100%        8


Dungeon Overview and Level Annotations

Branches:
Dungeon (2/15)

Altars:

Shops:
D:1 *


Innate Abilities, Weirdness & Mutations

Your spellcasting is much less encumbered by armour.
You can use scrolls of enchantment on lesser artefacts.


Message History

The gnoll hits you with a +0 flail.
You hit the gnoll.
The gnoll is heavily wounded.
The gnoll hits you with a +0 whip. The gnoll hits you with a +0 flail.
You barely miss the gnoll.
The gnoll is heavily wounded.
You hit the gnoll.
The gnoll is severely wounded.
The gnoll hits you with a +0 flail. The gnoll barely misses you.
You hit the gnoll but do no damage.
The gnoll is severely wounded.
The gnoll hits you with a +0 flail. The gnoll hits you but does no damage.
The gnoll barely misses you.
You hit the gnoll.
The gnoll is almost dead.
The gnoll barely misses you. The gnoll hits you with a +0 club.
* * * LOW HITPOINT WARNING * * *
The gnoll barely misses you.
You feel better. The gnoll hits you with a +0 flail.
The gnoll closely misses you. The gnoll barely misses you.
The gnoll attacks as it pursues you! The gnoll barely misses you.
The gnoll attacks as it pursues you! The gnoll hits you with a +0 club.
You hit the gnoll.
The gnoll is lightly wounded.
The gnoll hits you with a +0 club.
* * * LOW HITPOINT WARNING * * *
You barely miss the gnoll.
The gnoll is lightly wounded.
The gnoll hits you but does no damage.
You hit the gnoll.
The gnoll is moderately wounded.
The gnoll hits you with a +0 club.
* * * LOW HITPOINT WARNING * * *
You barely miss the gnoll.
The gnoll is moderately wounded.
The gnoll hits you but does no damage.
You hit the gnoll but do no damage.
The gnoll is moderately wounded.
The gnoll hits you with a +0 club.
You die...

........#
........#
.........
#.......#
........##
#......lg#
.......#g#
.......#g#
.......#@#
.......#.#
.......#.#
.......#.#
..####.#.#
#.# #..
...


You could see 3 gnolls and a frilled lizard.

Vanquished Creatures
  A dart slug (D:1)
  4 bats (D:1)
  An endoplasm (D:1)
  A giant cockroach (D:1)
  A goblin (D:1)
  2 hobgoblins (D:1)
  3 jackals (D:1)
  2 quokkas (D:1)
  2 ball pythons (D:1)
  5 kobolds (D:1)
  3 rats (D:1)
25 creatures vanquished.

Notes
Turn   | Place    | Note
-------+----------+-------------------------------------------
     0 | D:1      | Vipelierre100 the Mountain Dwarf Reaver began the quest for
                  | the Orb.
     0 | D:1      | Reached XP level 1. HP: 17/17 MP: 3/3
   395 | D:1      | Found Beiz Paabe's General Store.
   419 | D:1      | Reached XP level 2. HP: 24/25 MP: 4/4
   895 | D:1      | Reached skill level 4 in Axes
   898 | D:1      | Reached skill level 1 in Armour
  1095 | D:1      | Reached XP level 3. HP: 26/30 MP: 5/5
  1266 | D:1      | Bought a potion of curing for 42 gold pieces
  1293 | D:2      | Slain by a gnoll

Illustrated notes

Levels and vault maps discovered:
D:1:      roadster_arrival_rocket_large, layout_loops_cross, serial_shops,
          nicolae_shop_crystal
D:2:      cheibrodos_helix_gallery, layout_basic, uniq_jessica

Skill      XL: |  1  2 |
---------------+-------+-----
Axes           | 4 |  4.1
Armour         | 1 |  1.1
Fighting       | |  2.6
Dodging        | |  1.4
Spellcasting   | |  1.9
Conjurations   | |  2.8

Action                     || total
---------------------------++-------
  Melee: Hand axe          ||    93
         Whip              ||    14
    Use: Potion            ||     1
 Armour: Leather armour    ||    59
         Chain mail        ||    41
  Dodge: Dodged            ||    64

Table legend: (Time is in decaauts)
 A = Elapsed time spent in this place.
 B = Non-inter-level travel time spent in this place.
 C = Inter-level travel time spent in this place.
 D = Time resting spent in this place.
 E = Time spent auto-exploring this place.
 F = Levels seen in this place.
 G = Mean time per level.
                   A        B        C        D        E       F      G
               +--------+--------+--------+--------+--------+-----+--------+
         Total |   1300 |   1299 |      1 |    435 |    465 |   2 |  650.0 |
       Dungeon |   1300 |   1299 |      1 |    435 |    465 |   2 |  650.0 |
               +--------+--------+--------+--------+--------+-----+--------+

Top non-repeatable levels by time:
     D:1: 1283 daAuts
     D:2: 17 daAuts
